Map: King's Cove LE

Players

LiquidTLO (TLO)

  • Race: Zerg Zerg
  • League: Grandmaster
  • Spawn Location: 11:00

llllllllllll (Stats) - Winner!

  • Race: Protoss Protoss
  • League: Grandmaster
  • Spawn Location: 5:00

Event: HomeStory Cup XIX

VOD

Have the link to the VOD?

Description

Time

  • Played on: June 27, 2019, 12:38 p.m.
  • Length: 9:36

All games in this series

Show
View Real Time Build Order
Export as new Build Order

LiquidTLO Zerg 

Build Orders: Hatch First 

Get SALT Encoding   

  12  0:00  Drone  
  13  0:13  Overlord  
  13  0:18  Drone  
  14  0:32  Drone x2  
  14  0:35  Drone  
  17  0:53  Hatchery  
  17  0:56  Drone  
  17  0:59  Drone  
  18  1:06  Extractor  
  17  1:15  Spawning Pool  
  17  1:18  Drone  
  17  1:22  Drone  
  18  1:29  Drone  
  19  1:39  Drone  
  20  1:50  Drone  
  21  2:03  Drone  
  21  2:04  Queen x2  
  21  2:05  Metabolic Boost  
  26  2:12  Overlord  
  26  2:17  Zergling x2  
  26  2:19  Zergling x2  
  28  2:31  Drone  
  28  2:32  Drone  
  28  2:34  Drone  
  31  2:40  Drone  
  32  2:44  Queen  
  32  2:47  Drone  
  32  2:49  Drone  
  35  3:00  Hatchery  
  35  3:02  Overlord  
  35  3:05  Zergling x2  
  35  3:06  Zergling x2  
  36  3:15  Overlord  
  36  3:20  Drone x2  
  36  3:21  Drone x3  
  36  3:26  Queen  
  43  3:34  Overlord  
  43  3:35  Drone  
  44  3:43  Drone  
  44  3:44  Overlord  
  44  3:46  Queen  
  47  3:54  Drone x2  
  49  3:57  Zergling x4  
  49  3:59  Spore Crawler  
  50  4:03  Drone  
  50  4:05  Drone, Spore Crawler  
  50  4:06  Drone  
  50  4:07  Drone  
  53  4:17  Lair  
  53  4:19  Drone  
  53  4:20  Drone  
  53  4:22  Drone  
  53  4:23  Drone  
  57  4:26  Overlord  
  57  4:27  Drone  
  57  4:28  Drone  
  57  4:30  Drone  
  57  4:31  Drone  
  59  4:34  Drone  
  59  4:35  Drone  
  59  4:36  Drone  
  59  4:37  Extractor  
  61  4:38  Drone  
  61  4:41  Drone  
  63  4:50  Drone  
  63  4:51  Roach Warren  
  63  4:52  Drone  
  61  4:53  Drone  
  61  4:54  Drone  
  61  4:55  Drone  
  61  4:57  Drone  
  64  5:01  Drone, Spore Crawler  
  64  5:02  Drone  
  64  5:04  Drone  
  64  5:05  Drone  
  64  5:07  Drone  
  67  5:09  Zergling x2  
  67  5:11  Drone  
  67  5:12  Drone x2  
  62  5:15  Drone  
  62  5:16  Drone  
  62  5:19  Drone  
  62  5:30  Glial Reconstitution  
  62  5:32  Roach x4  
  62  5:34  Extractor x2  
  68  5:38  Drone, Overlord  
  68  5:39  Drone  
  70  5:44  Drone x2  
  70  5:47  Drone  
  70  5:49  Overlord  
  73  5:51  Extractor  
  73  5:53  Overlord  
  73  5:54  Overlord  
  72  5:58  Drone  
  72  5:59  Drone  
  72  6:00  Drone x2  
  71  6:04  Drone, Spire  
  71  6:06  Drone  
  71  6:09  Drone  
  71  6:10  Drone  
  73  6:11  Drone  
  73  6:12  Drone  
  73  6:14  Extractor, Roach  
  73  6:16  Drone  
  73  6:18  Drone  
  78  6:19  Overseer  
  78  6:21  Zergling x2  
  78  6:22  Zergling x2  
  80  6:28  Drone x3  
  80  6:29  Roach  
  80  6:32  Overlord  
  85  6:35  Overlord  
  85  6:38  Overlord  
  85  6:46  Overlord  
  85  6:48  Drone  
  85  6:49  Drone  
  85  6:50  Overlord x2  
  87  6:57  Ravager x6  
  87  6:58  Roach x3  
  87  7:00  Roach  
  100  7:02  Roach  
  100  7:03  Zergling x4  
  100  7:05  Zergling x2  
  107  7:08  Roach  
  107  7:09  Zergling x2  
  107  7:10  Zergling x2  
  107  7:11  Zergling x2  
  107  7:12  Zergling x2  
  107  7:13  Zergling x2  
  111  7:16  Roach  
  111  7:18  Roach  
  111  7:21  Zergling x4  
  111  7:22  Zergling x2  
  115  7:23  Roach  
  115  7:27  Zergling x4  
  115  7:29  Drone x2  
  116  7:30  Drone  
  116  7:31  Drone x2  
  116  7:32  Drone x2  
  119  7:37  Mutalisk x2  
  119  7:41  Mutalisk  
  125  7:46  Mutalisk  
  127  7:53  Drone  
  127  7:56  Mutalisk x2  
  129  7:58  Drone  
  129  8:05  Infestation Pit  
  129  8:06  Drone  
  129  8:07  Drone  
  130  8:15  Drone  
  130  8:19  Drone  
  132  8:20  Hatchery  
  132  8:22  Drone  
  132  8:26  Drone  
  133  8:31  Evolution Chamber  
  131  8:34  Roach  
  131  8:35  Roach x7  
  131  8:36  Roach  
  149  8:41  Roach  
  152  8:53  Roach  
  151  9:03  Spine Crawler  
  151  9:05  Spine Crawler x2  
  151  9:06  Spine Crawler  
  151  9:07  Spine Crawler x2  
  151  9:08  Roach  
  140  9:10  Overlord  
Show
View Real Time Build Order
Export as new Build Order

llllllllllll Protoss - Winner!

Build Orders: 1 Gate Expand, Oracle Opening, Phoenix Opening, Archon Immortal 

Get SALT Encoding   

  12  0:00  Probe  
  13  0:13  Probe  
  14  0:19  Pylon  
  14  0:25  Probe  
  15  0:28  Assimilator  
  15  0:33  Probe  
  16  0:43  Probe  
  16  0:44  Gateway  
  17  0:53  Probe  
  18  1:05  Probe  
  19  1:18  Probe  
  20  1:26  Nexus  
  20  1:34  Cybernetics Core  
  20  1:37  Probe  
  21  1:42  Assimilator  
  21  1:49  Probe  
  21  1:53  Pylon  
  22  2:01  Probe, Adept  
  23  2:13  Probe  
  26  2:18  Stargate  
  26  2:24  Warp Gate  
  26  2:26  Probe  
  27  2:31  Adept  
  27  2:34  Probe  
  27  2:35  Probe  
  29  2:42  Probe  
  29  2:43  Probe  
  33  2:52  Probe  
  33  2:53  Probe  
  33  2:56  Phoenix  
  35  3:04  Probe  
  38  3:06  Probe  
  38  3:08  Pylon  
  39  3:13  Oracle  
  39  3:16  Probe  
  39  3:18  Probe  
  41  3:25  Gateway  
  44  3:29  Probe  
  44  3:30  Probe  
  46  3:34  Assimilator  
  46  3:38  Assimilator  
  46  3:41  Probe  
  46  3:42  Probe  
  46  3:43  Oracle  
  48  3:53  Probe  
  48  3:54  Probe  
  53  4:00  Pylon  
  53  4:01  Robotics Facility  
  53  4:05  Probe  
  54  4:12  Oracle, Pylon  
  54  4:18  Probe  
  54  4:20  Adept  
  54  4:21  Adept  
  62  4:30  Probe  
  63  4:35  Gateway  
  63  4:36  Pylon  
  61  4:53  Probe x2, Immortal  
  61  4:55  Adept x2  
  69  5:01  Pylon  
  67  5:17  Nexus  
  67  5:18  Probe x2  
  67  5:19  Sentry x2  
  67  5:20  Immortal  
  71  5:27  Shield Battery  
  71  5:30  Sentry  
  71  5:35  Gateway  
  77  5:40  Probe x2  
  77  5:42  Sentry  
  81  5:43  Sentry  
  81  5:44  Gateway  
  83  5:50  Phoenix  
  83  5:52  Pylon x2  
  83  5:53  Observer  
  81  6:05  Forge  
  81  6:06  Twilight Council  
  81  6:07  Gateway  
  81  6:10  Immortal  
  81  6:13  Pylon  
  85  6:19  Probe  
  85  6:20  Probe  
  87  6:30  Probe  
  87  6:31  Probe  
  87  6:32  Probe  
  90  6:41  Charge  
  90  6:42  Probe, Pylon  
  90  6:44  Probe x2, Templar Archives  
  90  6:45  Protoss Ground Weapons Level 1  
  93  6:55  Probe  
  93  6:56  Probe x2, Immortal  
  100  7:01  Gateway  
  100  7:08  Gateway  
  100  7:13  Assimilator  
  100  7:16  Assimilator  
  96  7:25  Warp Prism  
  91  7:35  High Templar x3  
  91  7:36  Zealot x2, High Templar  
  105  7:38  Photon Cannon  
  105  7:39  Photon Cannon  
  105  7:41  Photon Cannon  
  105  7:42  Pylon x2  
  105  7:49  Archon x2  
  105  8:00  Zealot x2  
  105  8:03  Observer  
  105  8:04  Pylon  
  105  8:05  Pylon  
  109  8:06  Probe x2  
  109  8:07  Probe  
  113  8:16  Zealot x4, High Templar x2  
  122  8:21  Archon  
  122  8:22  Zealot x2  
  126  8:27  Photon Cannon  
  126  8:28  Photon Cannon, Shield Battery  
  126  8:30  Photon Cannon  
  126  8:50  Zealot x7  
  126  8:51  Zealot  
  124  9:15  Zealot x4  
  124  9:16  Zealot x3  
Tags
 
Add a new tag
Caveats
  • Supply blocks, unpowered buildings, or Contaminate may cause inaccurate times.
  • Supply counts are checked every 10 seconds.